 Dungeon Crawl Stone Soup version 0.25-a0-734-g73332aeda9 (webtiles) character file.

Game seed: 9181988626372457027, levelgen mode: deterministic

333 BowlsofSteal the Slasher (level 6, -2/53 HPs)
             Began as a Hill Orc Fighter on Apr 11, 2020.
             Killed from afar by an orc wizard (3 damage)
             ... with a puff of frost
             ... on level 4 of the Dungeon.
             The game lasted 00:10:48 (2337 turns).

BowlsofSteal the Slasher (Hill Orc Fighter)         Turns: 2337, Time: 00:10:48

Health: -2/53      AC:  7    Str: 19 (21) XL:     6   Next: 52%
Magic:  6/6        EV:  7    Int:  6 (8)  God:
Gold:   142        SH:  9    Dex:  9 (10) Spells: 5/5 levels left

rFire    . . .     SeeInvis .   a - +0 long sword
rCold    . . .     Gourm    .   c - +0 kite shield
rNeg     . . .     Faith    .   b - +0 scale mail
rPois    .         Spirit   .   (no helmet)
rElec    .         Reflect  .   (no cloak)
rCorr    .         Harm     .   (no gloves)
MR       .....                  (no boots)
Stlth    ..........             (no amulet)
HPRegen  0.17/turn              (no ring)
MPRegen  0.10/turn              (no ring)

@: no status effects
A: no striking features
a: no special abilities


You were on level 4 of the Dungeon.
You were hungry.

You visited 1 branch of the dungeon, and saw 3 of its levels.

You collected 142 gold pieces.

Inventory:

Hand Weapons
 a - a +0 long sword (weapon)
 i - a +0 short sword
 p - a +0 giant club
Missiles
 g - 23 arrows
 n - 2 throwing nets (quivered)
Armour
 b - a +0 scale mail (worn)
 c - a +0 kite shield (worn)
 e - a +0 leather armour
 h - a +0 scale mail
Scrolls
 k - a scroll of fog {unknown}
 l - 4 scrolls of identify
Comestibles
 f - 4 rations


   Skills:
 + Level 4.5 Fighting
 + Level 4.8 Long Blades
 + Level 4.5 Armour
 + Level 0.8 Dodging
 + Level 0.3 Stealth
 + Level 4.7 Shields


You had 5 spell levels left.
You didn't know any spells.
Your spell library was empty.

Dungeon Overview and Level Annotations

Branches:
Dungeon (2/15)

Altars:


Message History

The iguana hisses menacingly.
You closely miss the orc.
The orc is moderately wounded.
You block the orc's attack.
The orc wizard looks satisfied for a moment.
You slash the orc!
You kill the orc!
You barely miss the orc wizard. The orc wizard casts a spell at you.
The puff of flame hits you!
* * * LOW HITPOINT WARNING * * *
You closely miss the orc wizard.
The orc wizard hits you with a +0 dagger.
* * * LOW HITPOINT WARNING * * *
The orc wizard hits you but does no damage.
You slash the orc wizard!
The orc wizard is heavily wounded.
The orc wizard casts a spell at you. The puff of frost hits you.
You die...

##)## ##...## ##.....#
#.....###### #.#.#.........
#...)..####### ######l# #o#
#@# #.# #.# #.# ####### #.#
#.....######.######
##...#.............#
#..##...####..<....#
###..................#######


You could see an iguana and an orc wizard.

Vanquished Creatures
  2 ogres (D:4)
  A crimson imp (D:2)
  A centaur skeleton (D:4)
  A worker ant (D:4)
  An adder (D:2)
  An ooze (D:1)
  3 dart slugs
  2 leopard geckos
  3 orcs
  A giant cockroach (D:2)
  5 goblins
  14 hobgoblins
  2 jackals (D:4)
  6 kobolds (D:1)
  2 ball pythons
  4 bats
  A frilled lizard (D:1)
  A jackal skeleton (D:4)
  3 rats (D:1)
54 creatures vanquished.

Notes
Turn   | Place    | Note
-------+----------+-------------------------------------------
     0 | D:1      | BowlsofSteal the Hill Orc Fighter began the quest for the
                  | Orb.
     0 | D:1      | Reached XP level 1. HP: 19/19 MP: 1/1
   246 | D:1      | Reached XP level 2. HP: 27/27 MP: 2/2
   452 | D:1      | Reached XP level 3. HP: 27/33 MP: 3/3
  1529 | D:2      | Reached XP level 4. HP: 32/40 MP: 4/4
  1927 | D:2      | You fall into a shaft and drop 2 floors!
  1929 | D:4      | Noticed an ogre
  1942 | D:4      | Killed an ogre
  1942 | D:4      | Reached XP level 5. HP: 36/47 MP: 5/5
  2117 | D:4      | Reached XP level 6. HP: 48/53 MP: 6/6
  2336 | D:4      | HP: 1/53 [orc wizard/+0 dagger (4)]
  2337 | D:4      | Killed from afar by an orc wizard

Levels and vault maps discovered:
D:1:      moated_graveyard_arrival, layout_basic, minmay_pentomino_v4
D:2:      layout_rooms, minmay_goblin_outpost
D:4:      layout_loops_corners, nicolae_overflow_crystal_walls,
          minmay_temple_entry_enclosed_plants

Skill      XL: |  1  2  3  4  5 |
---------------+----------------+-----
Fighting       | 4 |  4.5
Shields        | 4 |  4.7
Long Blades    | 3 4 |  4.8
Armour         | 4 |  4.5
Dodging        | |  0.8
Stealth        | |  0.3

Action                   |  1- 3 |  4- 6 || total
-------------------------+-------+-------++-------
Melee: Long sword        |   126 |    69 ||   195
Throw: Throwing net      |       |     1 ||     1
  Use: Potion            |     2 |     5 ||     7
       Scroll            |       |     1 ||     1
  Eat: Ration            |     1 |       ||     1
       Chunk             |       |     1 ||     1
Armor: Scale mail        |    56 |    28 ||    84
Dodge: Dodged            |    41 |    20 ||    61
Block: Kite shield       |    86 |    33 ||   119
       Rpst.: Long sword |    13 |    12 ||    25

Table legend:
 A = Non-vault XP
 B = Vault XP
 C = Vault XP percentage of total XP
 D = Non-vault monster count
 E = Vault monster count
 F = Vault count percentage of total count
                 A         B        C        D         E       F
            +---------+---------+-------+---------+---------+-------
      Total |     460 |      16 |   3.4 |      46 |       8 |  14.8
            +---------+---------+-------+---------+---------+-------
        D:1 |      40 |       7 |  14.9 |      20 |       3 |  13.0
        D:2 |      96 |       9 |   8.6 |      16 |       5 |  23.8
        D:4 |     324 |       0 |   0.0 |      10 |       0 |   0.0
            +---------+---------+-------+---------+---------+-------
